Cogmind - Beta 15 @@@ ROGUE MODE // 2025.07.18 @ 17:56:10 Player: Selene Result: Destroyed by Y-54 Guardian with Flak Gun Performance ------------- Evolutions (4) 2000 Regions Visited (6) 1200 Robots Destroyed (53) 265 Value Destroyed (1971) 1971 Prototype IDs (11) 220 Alien Tech Used (0) 0 Bonus (800) 800 TOTAL SCORE: 6456 Bonus ------- Registered with UFD 300 Met Optimus in HQ 500 Cogmind --------- Core Integrity 0/850 Matter 300/300 Energy 44/100 System Corruption 30% Temperature Cool (12) Movement Treading (160) Location -6/Factory Parts ------- > --- POWER (1) -------- (None) > --- PROPULSION (4) --- Light Treads > --- UTILITY (7) ------ Medium Storage Unit Improved Target Analyzer Improved Hacking Suite Improved Hacking Suite System Restoration Module > --- WEAPON (3) ------- Compact Ion Cannon > --- INVENTORY (10) --- Improved Hover Unit Combat Airjet Matter Compressor (250) Advanced Sensor Array System Restoration Module System Restoration Module Long-range Missile Launcher Peak State ------------ > --- POWER ------------ Fission Core > --- PROPULSION ------- Hover Unit Gravmag System Gravmag System Combat Airjet > --- UTILITY ---------- Improved Target Analyzer Core Analyzer Weapon Cycler Improved Reaction Control System Improved Light Armor Plating Improved Hacking Suite Improved Hacking Suite > --- WEAPON ----------- Improved Heavy Laser Improved Heavy Machine Gun Railgun > --- INVENTORY -------- Micro Nuclear Core Matter Compressor Improved Light Armor Plating Force Rifle DRS Beacon [Rating: 71] Favorites ----------- Power Light Nuclear Core Engine Angular Momentum Engine Power Core Light Nuclear Core Propulsion Armored Wheel Treads Light Treads Leg Aluminum Leg Wheel Armored Wheel Hover Unit Gravmag System Flight Unit VTOL Module Utility High-capacity Storage Unit Device Improved Heat Sink Storage High-capacity Storage Unit Processor Core Analyzer Hackware Improved Hacking Suite Protection Improved Light Armor Plating Weapon Beam Rifle Energy Gun Beam Rifle Energy Cannon Compact Ion Cannon Ballistic Gun Railgun Launcher Long-range Missile Launcher Impact Weapon Flail Piercing Weapon Spear Build | -11 -10 -10 -9 -6 -6 -6 ------- Run | Yrd Mat Sub Scr Fac Was Fac Slots Evolved 8 | . . . . 8 . . Power . | . . . . . . . Propulsion 2 | . . . . 2 . . Utility 5 | . . . . 5 . . Weapon 1 | . . . . 1 . . Parts Attached 103 | 7 4 10 10 42 10 20 Power 12 | 1 1 1 1 5 . 3 Engine 5 | 1 . 1 . 2 . 1 Core 7 | . 1 . 1 3 . 2 Reactor . | . . . . . . . Propulsion 28 | 2 . 2 7 8 4 5 Treads 4 | . . . . 2 . 2 Leg 3 | . . . 3 . . . Wheel 16 | 2 . 2 4 6 . 2 Hover 4 | . . . . . 4 . Flight 1 | . . . . . . 1 Utility 34 | 2 1 2 . 18 3 8 Device 20 | 1 . 2 . 12 2 3 Storage 3 | 1 1 . . . . 1 Processor 4 | . . . . 2 1 1 Hackware 2 | . . . . 1 . 1 Protection 5 | . . . . 3 . 2 Artifact . | . . . . . . . Weapon 29 | 2 2 5 2 11 3 4 Energy Gun 14 | 2 2 3 2 4 . 1 Energy Cannon 3 | . . 1 . 1 . 1 Ballistic Gun 8 | . . . . 4 2 2 Ballistic Cannon . | . . . . . . . Launcher 2 | . . 1 . . 1 . Special Weapon . | . . . . . . . Impact Weapon 1 | . . . . 1 . . Slashing Weapon . | . . . . . . . Piercing Weapon 1 | . . . . 1 . . Special Melee Weapon . | . . . . . . . Unidentified Prototypes 5 | . . . . 3 . 2 Parts Lost 44 | . . 11 . 12 . 21 Power 8 | . . 2 . 2 . 4 Propulsion 14 | . . 4 . 3 . 7 Utility 13 | . . 2 . 5 . 6 Weapon 9 | . . 3 . 2 . 4 Highest Loss Streak 14 | . . 6 . 5 . 14 To Critical Strikes . | . . . . . . . Average Backups 13 | 3 8 12 15 17 5 4 Power 1 | . 1 . . 1 1 . Propulsion 2 | 2 3 1 2 2 . . Utility 6 | . 3 5 7 7 2 2 Weapon 3 | . 1 4 4 3 1 . Tool/Special . | . . . . . . . Unused Backups 42 | . 3 . 20 10 3 6 Power 4 | . . . 1 2 . 1 Propulsion 4 | . 2 . . 2 . . Utility 24 | . . . 12 5 2 5 Weapon 9 | . 1 . 7 1 . . Tool/Special 1 | . . . . . 1 . Average Slot Usage (%) 94 | . 100 90 95 95 100 89 Engine 2 | . 7 6 . 3 . . Core 6 | . 7 7 9 2 6 5 Leg 3 | . . . 7 . . . Wheel 18 | . 28 21 20 23 . 1 Hover 3 | . . . . . 25 17 Device 14 | . 14 13 14 17 17 11 Storage 9 | . 14 14 14 6 . 1 Processor 5 | . . . . 11 19 13 Hackware 2 | . . . . 2 6 12 Protection 1 | . . . . 4 1 3 Energy Gun 18 | . 28 24 28 10 . 1 Ballistic Gun 2 | . . . . 2 12 9 Peak Build Rating 71 | 7 10 11 21 59 69 71 Average Rating 31 | 5 8 9 15 51 68 60 On Entrance 24 | . 7 10 8 21 57 69 Naked Turns . | . . . . . . . Heaviest Build 71 | 11 48 55 52 71 71 34 Greatest Support 52 | 20 20 20 27 52 36 50 Greatest Overweight (x) 14 | . 2 14 14 2 1 2 Average Overweight (x) 1 | . . 2 1 1 . . Largest Inventory Capacity 20 | 8 20 20 20 20 20 10 Average Capacity 17 | 7 12 20 20 20 7 6 Most Carried 20 | 7 10 17 20 20 19 8 Average Carried 15 | 3 8 13 17 19 6 5 Final Capacity 20 | 8 20 20 20 20 5 10 Final Carried 20 | 7 10 14 20 20 5 7 Class Distribution -------------------- 50% | Mutant 27% | Scavenger-Mutant 5% | Hacker-Gunner 4% | Assassin 4% | Scavenger-Gunner Dominant Class ---------------- Scavenger-Mutant | -10/Materials Scavenger-Mutant | -10/Subcaves Mutant | -9/Scraptown Mutant | -6/Factory Scavenger-Gunner | -6/Waste Hacker-Gunner | -6/Factory Resources | -11 -10 -10 -9 -6 -6 -6 ----------- Run | Yrd Mat Sub Scr Fac Was Fac Matter Collected 3014 | 220 149 164 267 829 876 509 Remotely 82 | . . . . . . 82 Salvage Created 4038 | 57 153 95 . 1104 1553 1076 Parts 140 | 11 9 2 . 61 14 43 Haulers Intercepted 1 | . 1 . . . . . Recyclers Shooed 7 | 1 . . . 1 . 5 Parts Field Recycled . | . . . . . . . Retrieved Matter . | . . . . . . . Parts Self-Destructed 6 | . . 6 . . . . Prevented . | . . . . . . . Kills | -11 -10 -10 -9 -6 -6 -6 ------- Run | Yrd Mat Sub Scr Fac Was Fac Combat Hostiles Destroyed 35 | . 2 3 . 12 7 11 Melee 1 | . . . . 1 . . Guns 27 | . 2 1 . 8 7 9 Cannons 3 | . . . . 1 . 2 AOE 2 | . . 2 . . . . Classes Destroyed 15 | 1 2 3 . 7 1 1 Worker 1 | . . . . 1 . . Builder 2 | . . . . 2 . . Tunneler 3 | 3 . . . . . . Hauler 1 | . 1 . . . . . Recycler 6 | . . . . 3 . 3 Operator 1 | . . . . 1 . . Turret 2 | . . 2 . . . . Watcher 2 | . . . . 1 . 1 Swarmer 5 | . . 1 . 2 . 2 Grunt 7 | . 2 . . 2 1 2 Sentry 4 | . . . . . . 4 Hunter 6 | . . . . 4 . 2 Programmer 5 | . . . . 4 . 1 Compactor 6 | . . . . . 6 . Subdweller 2 | . . 2 . . . . Best Kill Streak 3 | 2 2 2 . 2 3 3 Combat Bots Only 3 | . 2 2 . 2 3 3 Max Kills in Single Turn 1 | 1 1 1 . 1 1 1 Gunslinging . | . . . . . . . Exploded 1 | . . 1 . . . . Melee 1 | . . . . 1 . . Uniques/NPCs Destroyed . | . . . . . . . Combat | -11 -10 -10 -9 -6 -6 -6 -------- Run | Yrd Mat Sub Scr Fac Was Fac Hostile Shots Fired 616 | . 12 82 . 198 6 318 Missed 196 | . 1 24 . 54 3 114 Hits 420 | . 11 58 . 144 3 204 Projectile 420 | . 11 58 . 144 3 204 Critical Strikes 8 | . . . . 5 1 2 Damage Taken 5690 | . 164 645 . 2165 59 2657 Core 1062 | . 47 162 . 253 19 581 Absorbed by Shields . | . . . . . . . Redirected to Shielding 75 | . . . . 75 . . Regen/Repaired (Parts) 99 | . . . . 99 . . Core Remaining (%) 58 | 100 . . 16 . . . Volleys Fired 234 | 9 22 27 . 61 58 57 Largest 3 | 2 2 2 . 3 3 3 Hottest 175 | 80 80 120 . 175 93 130 Shots Fired 445 | 18 44 47 . 124 117 95 Gun 401 | 18 44 36 . 116 115 72 Cannon 34 | . . 5 . 7 . 22 Launcher 10 | . . 6 . 1 2 1 Special . | . . . . . . . Kinetic 211 | . . . . 27 115 69 Thermal 217 | 18 44 41 . 89 . 25 Explosive 10 | . . 6 . 1 2 1 Electromagnetic 7 | . . . . 7 . . Robot Hit Streak 15 | 11 6 6 . 9 15 12 Robot Miss Streak 8 | 1 2 7 . 2 8 4 Penetration Max 1 | . . . . . 1 1 Secondary Targets 4 | . . . . 2 2 . Max Gunslinging Chain 1 | . . . . 1 1 . Shots Hit Robots 283 | 13 26 21 . 88 81 54 Core Hits 107 | 4 7 10 . 38 21 27 Critical Kills 2 | . . . . . 1 1 Critical Parts Destroyed 3 | . . . . 1 . 2 Critical Strikes 15 | . . . . 4 8 3 Burn 2 | . . . . 2 . . Destroy 12 | . . . . 1 8 3 Impale 1 | . . . . 1 . . Melee Attacks 25 | . . . . 24 1 . Impact 2 | . . . . 2 . . Slashing . | . . . . . . . Piercing 23 | . . . . 22 1 . Sneak Attacks 4 | . . . . 3 1 . Combat Hostiles . | . . . . . . . Follow-up Attacks . | . . . . . . . Damage Inflicted 6360 | 141 244 540 . 1795 2292 1348 Guns 4907 | 141 244 165 . 1336 2086 935 Cannons 631 | . . 51 . 167 . 413 Explosions 484 | . . 324 . . 160 . Melee 338 | . . . . 292 46 . Ramming . | . . . . . . . Kinetic 3281 | . . . . 334 2086 861 Thermal 2090 | 141 244 216 . 1002 . 487 Explosive 484 | . . 324 . . 160 . Electromagnetic 167 | . . . . 167 . . Impact . | . . . . . . . Slashing . | . . . . . . . Piercing 338 | . . . . 292 46 . Highest Corruption 31 | . . . . 3 31 31 Average Corruption 14 | . . . . 2 21 30 Corruption Purged 1 | . . . . . . 1 Corruption Blocked . | . . . . . . . Effects 80 | . . . . 17 24 39 Message Errors 16 | . . . . 5 5 6 Matter Fused 19 | . . . . 8 4 7 Heat Flow Errors 6 | . . . . . 1 5 Energy Discharges 9 | . . . . 1 4 4 Parts Rejected 1 | . . . . . 1 . Data Loss (minor) 11 | . . . . 1 2 8 Data Loss (major) 2 | . . . . 1 . 1 Misfires 2 | . . . . . 1 1 Alerts 1 | . . . . 1 . . Misdirections 5 | . . . . . 4 1 Weapon Failures 8 | . . . . . 2 6 Overload Shots . | . . . . . . . Overflow Damage 61 | . . 13 . 48 . . Projectiles 13 | . . 13 . . . . Explosions . | . . . . . . . Melee 48 | . . . . 48 . . Knockbacks . | . . . . . . . Impact . | . . . . . . . Kinetic . | . . . . . . . Secondary . | . . . . . . . Self-Inflicted Damage . | . . . . . . . Shots . | . . . . . . . Rammed . | . . . . . . . Targets Rammed . | . . . . . . . Kicked . | . . . . . . . Crushed . | . . . . . . . Highest Temperature 438 | 15 109 8 . 431 191 438 Average Temperature 79 | 6 42 3 . 101 30 118 Received Heat Transfer 1174 | . 93 240 . 234 45 562 Effects 4 | . . . . . . 4 Shutdowns 2 | . . . . . . 2 Short Circuit 1 | . . . . . . 1 Damage (minor) 1 | . . . . . . 1 Siege Activations . | . . . . . . . Martial Activations . | . . . . . . . Shielding Activations . | . . . . . . . Robots Disrupted . | . . . . . . . Combat Hostiles . | . . . . . . . Robots Corrupted 1 | . . . . 1 . . Combat Hostiles 1 | . . . . 1 . . Parts Fried 2 | . . . . 2 . . Impact Corruptions . | . . . . . . . Robots Melted 1 | . . . . 1 . . Combat Hostiles 1 | . . . . 1 . . Parts Melted 10 | . . . . 6 . 4 Heat Transferred 4542 | 325 675 474 . 2402 . 666 Parts Sabotaged . | . . . . . . . Parts Stolen . | . . . . . . . Parts Stripped . | . . . . . . . Power Chain Reactions . | . . . . . . . Alert | -11 -10 -10 -9 -6 -6 -6 ------- Run | Yrd Mat Sub Scr Fac Was Fac Maximum Alert Level . | . . . . . . . Low Security (%) 100 | 100 100 . . 100 100 100 Level 1 . | . . . . . . . Level 2 . | . . . . . . . Level 3 . | . . . . . . . Level 4 . | . . . . . . . Level 5 . | . . . . . . . High Security . | . . . . . . . Max Security . | . . . . . . . Peak Influence 173 | 10 69 . . 152 59 173 Initial 47 | . . . . . 47 . Average 40 | 1 26 . . 35 18 84 Influence Increases 1472 | 15 106 195 . 588 45 523 Destroy 0b10 Robot/C 580 | . 40 60 . 240 20 220 Destroy 0b10 Robot/NC 80 | 15 5 . . 40 . 20 Destroy Leader 146 | . 12 . . 72 . 62 Successful Hack 132 | . 19 . . 68 . 45 Select Force Hacks 30 | . 30 . . . . . Disable Machine 105 | . . . . 60 . 45 Destroy Structure 69 | . . . . 18 25 26 Lose Combat Pursuer 330 | . . 135 . 90 . 105 Influence Decreases 1423 | 15 100 201 . 452 181 474 Entered New Map 93 | . . 4 . . 89 . Time Decay 958 | 15 100 122 . 365 92 264 Lost Part 372 | . . 75 . 87 . 210 Squads Dispatched 12 | . 2 . . 6 . 4 Investigation 3 | . 1 . . 1 . 1 Extermination 5 | . . . . 4 . 1 Reinforcement 4 | . 1 . . 1 . 2 Assault . | . . . . . . . Garrison . | . . . . . . . Intercept . | . . . . . . . Searches Triggered . | . . . . . . . Construction Impeded 1 | . . . . . . 1 Haulers Reinforced . | . . . . . . . Active Scanning Responses . | . . . . . . . Cargo Convoy Interrupts . | . . . . . . . Stealth | -11 -10 -10 -9 -6 -6 -6 --------- Run | Yrd Mat Sub Scr Fac Was Fac Distress Signals 2 | . . . . 1 . 1 Communications Jammed . | . . . . . . . Distress Signals . | . . . . . . . Times Spotted 83 | . 8 16 . 26 7 26 Peak Tracking Total 7 | . 3 3 . 7 3 6 Tactical Retreats 12 | . . 4 . 4 . 4 Traps | -11 -10 -10 -9 -6 -6 -6 ------- Run | Yrd Mat Sub Scr Fac Was Fac Traps Triggered 5 | . . 2 . 2 . 1 Indirectly . | . . . . . . . Trap Hack Attempts . | . . . . . . . Triggered . | . . . . . . . Disarmed . | . . . . . . . Reprogrammed . | . . . . . . . Reused . | . . . . . . . Traps Extracted . | . . . . . . . Installed . | . . . . . . . Triggered . | . . . . . . . Most Traps Carried 1 | . . 1 1 . . . Machines | -11 -10 -10 -9 -6 -6 -6 ---------- Run | Yrd Mat Sub Scr Fac Was Fac Machines Disabled 8 | . . 1 . 4 . 3 Max in Single Turn 1 | . . 1 . 1 . 1 Garrison Access 1 | . . . . . . 1 Machines Repaired . | . . . . . . . Machines Dismantled . | . . . . . . . Machines Sabotaged . | . . . . . . . Overloaded Fab Kills . | . . . . . . . Hacking | -11 -10 -10 -9 -6 -6 -6 --------- Run | Yrd Mat Sub Scr Fac Was Fac Machines Accessed 18 | . 4 . 1 9 . 4 Terminals 9 | . 3 . . 4 . 2 Fabricators 1 | . . . . 1 . . Repair Stations 2 | . . . . 2 . . Recycling Units 3 | . 1 . . 1 . 1 Scanalyzers 1 | . . . . 1 . . Garrison Access 1 | . . . . . . 1 Total Hacks 56 | . 14 . 1 27 . 14 Successful 28 | . 7 . 1 10 . 10 Failed 28 | . 7 . . 17 . 4 Catastrophic 3 | . . . . 2 . 1 Database Lockouts . | . . . . . . . Manual 39 | . 10 . . 18 . 11 Terminals 31 | . 11 . . 9 . 11 Fabricators 5 | . . . . 5 . . Repair Stations 6 | . . . . 6 . . Recycling Units 11 | . 3 . . 6 . 2 Scanalyzers 1 | . . . . 1 . . Garrison Access 1 | . . . . . . 1 Terminal Hacks 10 | . 3 . 1 1 . 5 Robot Analysis 4 | . 2 . . . . 2 Branch Access Points 1 | . . . . . . 1 Terminal Index 2 | . 1 . . 1 . . Recycling Unit Index 1 | . . . . . . 1 Locate Traps 1 | . . . . . . 1 Proto ID Catalog 1 | . . . 1 . . . Fabricator Hacks 1 | . . . . 1 . . Network Status 1 | . . . . 1 . . Repair Station Hacks 3 | . . . . 3 . . Scan Component 2 | . . . . 2 . . Repair 1 | . . . . 1 . . Recycling Unit Hacks . | . . . . . . . Scanalyzer . | . . . . . . . Garrison Access Hacks 1 | . . . . . . 1 Seal Access 1 | . . . . . . 1 Unauthorized Hacks 13 | . 4 . . 5 . 4 Terminals 9 | . 3 . . 3 . 3 Assimilate 1 | . . . . 1 . . Botnet 6 | . 3 . . 1 . 2 Skim 2 | . . . . 1 . 1 Fabricators 1 | . . . . 1 . . Haulers 1 | . . . . 1 . . Repair Stations . | . . . . . . . Recycling Units 3 | . 1 . . 1 . 1 Tunnel 1 | . 1 . . . . . Fedlink 2 | . . . . 1 . 1 Scanalyzers . | . . . . . . . Garrison Access . | . . . . . . . Data Cores Recovered . | . . . . . . . Used . | . . . . . . . Hacking Detections 16 | . 4 . . 9 . 3 Full Trace Events . | . . . . . . . Feedback Events . | . . . . . . . Feedback Blocked . | . . . . . . . Robot Schematics Acquired . | . . . . . . . Robots Built . | . . . . . . . Authchips . | . . . . . . . Time . | . . . . . . . Total Robot Build Rating . | . . . . . . . Part Schematics Acquired . | . . . . . . . Parts Built . | . . . . . . . Authchips . | . . . . . . . Time . | . . . . . . . Total Part Build Rating . | . . . . . . . Parts Repaired 1 | . . . . 1 . . Time 16 | . . . . 16 . . Parts Recycled . | . . . . . . . Recycled Matter . | . . . . . . . Retrieved Matter . | . . . . . . . Retrieved Components . | . . . . . . . Parts Scanalyzed . | . . . . . . . Part Schematics Acquired . | . . . . . . . Parts Damaged . | . . . . . . . Bothacking | -11 -10 -10 -9 -6 -6 -6 ------------ Run | Yrd Mat Sub Scr Fac Was Fac Used RIF Installer . | . . . . . . . Robots Hacked . | . . . . . . . Non-combat . | . . . . . . . Combat . | . . . . . . . Robot Hacks Applied . | . . . . . . . Relay Couplers Released . | . . . . . . . Fabnet Peak Effective % . | . . . . . . . Robots Rewired . | . . . . . . . Allies Hacked . | . . . . . . . Hacks Repelled . | . . . . . . . Allies | -11 -10 -10 -9 -6 -6 -6 -------- Run | Yrd Mat Sub Scr Fac Was Fac Total Allies . | . . . . . . . Largest Group . | . . . . . . . Highest-Rated Group . | . . . . . . . Highest-Rated Ally . | . . . . . . . Total Orders . | . . . . . . . Ally Attacks . | . . . . . . . Total Damage . | . . . . . . . Kills . | . . . . . . . Allies Corrupted . | . . . . . . . Allies Melted . | . . . . . . . Intel | -11 -10 -10 -9 -6 -6 -6 ------- Run | Yrd Mat Sub Scr Fac Was Fac Active Infowar (turns) 2282 | 19 274 588 . 1401 . . Sensors 734 | . . . . 734 . . IFF 257 | . . . . 257 . . Terrain 141 | . . 86 . 55 . . Structural 355 | . . . . 355 . . Traps 514 | . . . . 514 . . Seismic 795 | 19 274 502 . . . . Robot Analysis Total 4 | . 2 . . . . 2 Derelict Logs Recovered 1 | . . . 1 . . . Drone Launches . | . . . . . . . Drone Recoveries . | . . . . . . . Exploration | -11 -10 -10 -9 -6 -6 -6 ------------- Run | Yrd Mat Sub Scr Fac Was Fac Turns Passed 6488 | 110 274 712 2712 1721 369 590 Spaces Moved 5008 | 74 232 463 1995 1244 351 649 Core 4 | 2 . 1 1 . . . Treads 6 | . . . . . . 6 Legs 339 | . . . 339 . . . Wheels 3735 | 72 232 462 1655 1244 . 70 Hover 924 | . . . . . 351 573 Flight . | . . . . . . . Fastest Speed 50 | 50 80 110 105 105 53 53 Average Speed 107 | 79 87 125 130 107 55 60 Slowest Speed 750 | 80 110 750 750 120 115 160 Overloaded Moves . | . . . . . . . Propulsion Burnouts . | . . . . . . . Robots Hopped . | . . . . . . . Potential Cave-ins . | . . . . . . . Cave-ins Triggered . | . . . . . . . Exploration Rate (%) 44 | 4 49 40 85 17 100 16 Regions Visited 6 Branch Regions 2 Pre-discovered Areas 3 | . 1 . 1 . . 1 Known Exits Taken . | . . . . . . . Unknown Exits Taken 4 | 1 1 1 1 . . . Scrap Searched 2 | . . . 2 . . . Spaces Dug 12 | . . . . 12 . . Terrain Destroyed 104 | . . 19 . 14 40 31 Melee 12 | . . . . 12 . . Projectile 26 | . . . . . 13 13 AOE 66 | . . 19 . 2 27 18 Terrain Rammed . | . . . . . . . Walls Destroyed . | . . . . . . . Machines Disabled . | . . . . . . . Actions | -11 -10 -10 -9 -6 -6 -6 --------- Run | Yrd Mat Sub Scr Fac Was Fac Total 5788 | 103 277 557 2141 1494 446 770 Wait 115 | 7 7 45 1 32 4 19 Move 5003 | 73 231 462 1994 1244 350 649 Hop . | . . . . . . . Pick Up 148 | 7 6 12 68 39 3 13 Fast Attach 35 | 7 . . 2 13 1 12 Attach 36 | . . 8 2 17 3 6 Detach 5 | . . . . 2 1 2 Swap 56 | . 5 3 7 28 8 5 Drop 131 | . 6 . 67 34 17 7 Fire 234 | 9 22 27 . 61 58 57 Melee 25 | . . . . 24 1 . Ram . | . . . . . . . Kick . | . . . . . . . Crush . | . . . . . . . Escape Stasis . | . . . . . . . Rewire . | . . . . . . . Trap . | . . . . . . . Miscellaneous . | . . . . . . . Route ------- -11/Scrapyard -10/Materials -10/Subcaves (discovered 2 exits: [*Rec] / *Scr) -9/Scraptown -6/Factory -6/Waste -6/Factory (discovered 6 exits: [*Fac x2] / Low x2 / Ext x2) History --------- Turn | Location | Event 20 | -11/Scrapyard | Discovered new exit (range 15) 111 | -11/Scrapyard | Entered Materials 112 | -10/Materials | Met a group of wandering Federalists 372 | -10/Materials | Discovered new exit (range 9) 385 | -10/Materials | Entered Subcaves 385 | -10/Subcaves | Accompanied by 1 ally 386 | -10/Subcaves | Continued accompanying wandering Federalists (3) 403 | -10/Subcaves | Shifting Twisted Machinery released Piercing Trap 406 | -10/Subcaves | Shifting Twisted Machinery released Sub. Beam Cannon 523 | -10/Subcaves | Build established: Scavenger-Mutant 635 | -10/Subcaves | Wandering Federalist uncovered a shortcut to Scraptown 704 | -10/Subcaves | Discovered new exit (range 10) 749 | -10/Subcaves | Core integrity fell below 50% 761 | -10/Subcaves | Lost 4 allies 781 | -10/Subcaves | Lost 6 parts (1p3n2w) 942 | -10/Subcaves | Ambushed by Subdwellers from Twisted Machinery 999 | -10/Subcaves | Build established: Mutant 1097 | -10/Subcaves | Entered Scraptown 1098 | -9/Scraptown | Core integrity fell below 20% 1317 | -9/Scraptown | Build established: Scavenger-Mutant 1469 | -9/Scraptown | Heard Great Nut preacher, LISTEN AND RECITE! 1527 | -9/Scraptown | Scanned Subdweller tech in exchange for log data 1533 | -9/Scraptown | Learned 12 Research zone layouts 1603 | -9/Scraptown | Visited Cyclists 1658 | -9/Scraptown | Visited Spacefarers 1932 | -9/Scraptown | Visited IN-MT5's Study 1958 | -9/Scraptown | Visited Red Mages 2009 | -9/Scraptown | Visited CPS Storage 2037 | -9/Scraptown | Visited Comm Corps 2082 | -9/Scraptown | Visited Awakened 2100 | -9/Scraptown | Visited UFD Registry 2100 | -9/Scraptown | Registered with UFD as "Thunderroller" 2127 | -9/Scraptown | Build established: Mutant 2134 | -9/Scraptown | Visited Science Guys 2170 | -9/Scraptown | Visited Supply Room 2214 | -9/Scraptown | Visited Botcube Research 2231 | -9/Scraptown | Visited Scrapoid Research Area 2257 | -9/Scraptown | Visited Scrap Suit Storage 2273 | -9/Scraptown | Visited Research Penetration Think Tank 2308 | -9/Scraptown | Visited Derelict Rescue Squad 2314 | -9/Scraptown | Found DRS Beacon 2351 | -9/Scraptown | Visited Supply Room 2851 | -9/Scraptown | Found Botcube 3099 | -9/Scraptown | Found Scrap Suit 3102 | -9/Scraptown | Found Scrap Suit 3740 | -9/Scraptown | Met Optimus 3740 | -9/Scraptown | Accepted into 0bPrime 3803 | -9/Scraptown | Discovered new exit (range 5) 3809 | -9/Scraptown | Entered Factory 3809 | -6/Factory | Evolved 8 slots: Propulsion x2, Utility x5, Weapon x1 3948 | -6/Factory | Lost 5 parts (1p3u1w) 4704 | -6/Factory | Loaded intel: 8 recycling unit locations 5376 | -6/Factory | Repaired Arm. Wheel 5530 | -6/Factory | Sucked down chute 5530 | -6/Factory | Entered Waste 5545 | -6/Waste | EMP discharged 5545 | -6/Waste | System corruption reached 10% 5568 | -6/Waste | Build established: Scavenger-Mutant 5589 | -6/Waste | Spotted C-40 Crusher 5592 | -6/Waste | Destroyed C-40 Crusher 5600 | -6/Waste | Spotted C-40 Crusher 5604 | -6/Waste | Spotted C-40 Crusher 5605 | -6/Waste | Destroyed C-40 Crusher 5607 | -6/Waste | Spotted C-40 Crusher 5613 | -6/Waste | Spotted C-40 Crusher 5624 | -6/Waste | Destroyed C-40 Crusher 5645 | -6/Waste | EMP discharged 5665 | -6/Waste | Spotted C-40 Crusher 5701 | -6/Waste | Destroyed C-40 Crusher 5734 | -6/Waste | Destroyed C-40 Crusher 5745 | -6/Waste | EMP discharged 5745 | -6/Waste | System corruption reached 30% 5820 | -6/Waste | Destroyed C-40 Crusher 5845 | -6/Waste | EMP discharged 5894 | -6/Waste | Discovered new exit (range 11) 5899 | -6/Waste | Identified exit to Factory 5899 | -6/Waste | Entered Factory 6020 | -6/Factory | Discovered new exit (range 15) 6029 | -6/Factory | Discovered new exit (range 11) 6073 | -6/Factory | Identified exit to Lower Caves 6073 | -6/Factory | Identified exit to Extension 6118 | -6/Factory | Loaded intel: 8 recycling unit locations 6118 | -6/Factory | Learned location of Protoforge (-3) 6239 | -6/Factory | Build established: Hacker-Gunner 6329 | -6/Factory | Core integrity fell below 50% 6404 | -6/Factory | Core integrity fell below 20% 6451 | -6/Factory | Lost 14 parts (3p4n3u4w) 6489 | -6/Factory | Destroyed by Y-54 Guardian with Flak Gun Last Messages --------------- 06436_ Construction Platform disabled. 06438_ System corrupted: Matter fused (-10). 06450_ Critical hit (Burn: +37). 06451_ W-25 Informer destroyed. 06454_ Acquired 20 matter. 06455_ Lgt. Fission Core destroyed. 06457_ Acquired Imp. Hover Unit. 06459_ Discarded Broken Core Analyzer. 06461_ 8= 06478_ Repair Station disabled. 06480_ Slug penetrates Wall. 06489_ Imp. Medium Treads destroyed. Map ----- +----------------------------------------------------+ | ?????????????????????????????????????????????????? | | ?????????????????????????????????????????????????? | | ?????????????????????????????????????????????????? | | ?????????????????????????????????????????????????? | | ?????????????????????????????????????????????????? | | ?????????????????????????????????????????????????? | | ??????????????????"""????????????????????????????? | | ???????????????????Y"?????????????????????? ??? | | ??????????????????"""?????????????????????? ? | | ??????????????????????????????????????????? | | ???????????????????????# #????????????????# ? | | ?????????????????????# ????????????????# ? | | ?????????????????????? ????????????????# #? | | ??????????????????????[ Y ????????????????# #? | | ?????????????????????? ????????????????# #? | | ?????????????????????? ????????????????# #? | | ??????????????????????# ?????##?????????# #? | | ??????????????????????# #####"#?????????# ^ #? | | ????????????????####### #! #?????????# #? | | ????????????????? # #?????????# #? | | ?????????????????? + #??######## #? | | ?????????????????? """ # #??# #? | | ????????????# === """ ! # """ #??# #? | | ????????????# === """ # """ #??# #? | | ????????????+ + """!#### #? | | ????????????# @# !%/[ #? | | ????????????# ########### =######/#+########? | | ??????????????????????????# # #???? | | ??????????????????????????# "R" # """"""" #???? | | ??????????????????????????# """ #?""""""" #???? | | ??????????????????????????#######?""""""" #??## | | ????????????????????????????????# """"""" #??# | | ????????????????????????????????# #??# | | ??????????????????????""????????# """""" #??# | | ??????????????????????Y"???????????"""""" #??# | | ??????????????????????""????????????""""" #??# | | ???????????????????????????????????"""""" #### | | ????????????????????????????????# / " | | ????????????????????????????????# ###"[ | | ????????????????????????????????###########/##?### | | ??????????????????????????????????????????# #????? | | ??????????????????????????????????????????# ###### | | ??????????????????????????????????????????# | | ??????????????????????????????????????????# | | ??????????????????????????????????????????#%" | | ????????????????????????????????????????### """ | | ???????????????????????????????????##+### """ | | ???????????????????????????????????# """ | | ???????????????????????????????????# | | ???????????????????????????????????# | +----------------------------------------------------+ Best States ------------- Heat Dissipation 65 Energy Generation 18 Energy Capacity 310 Matter Stores 300 Matter Capacity 300 Sight Range 16 Robot Scan Range 15 Terrain Scan Range 16 Terrain Scan Density 10 EM Shielding 2 Armor Coverage 150 Utility Shielding 66 Weapon Cycling 15 Phase Shifting 5 Evasion (%) 64 Targeting Accuracy 8 Target Analysis 6 Core Analysis 6 Recoil Reduction 2 Particle Charging 15 Offensive Hacking 24 Item Schematics ----------------- None Robot Schematics ------------------ None Fabricated ------------ Nothing Repaired ---------- Arm. Wheel | 1% | -6/Factory Alien Tech Used ----------------- None Achievements -------------- None Challenges ------------ None Game ------ Seed LightMeleeLog Manual? 0 Play Time 01:06:14 Cumulative 222.2 hours Start 2025.07.18 @ 16:41:21 End 2025.07.18 @ 17:56:10 Sessions 1 Manual Loads 0 Difficulty Rogue Special Mode None Game No. 142 Rogue 138 Adventurer 4 Explorer 0 Win Type - Total 7 Types 6/0/1/0/0/0/0/0/0/0 Lore% 81 Gallery% 71 Achievement% 60 Wizard Run 0 Options --------- Layout 1 ASCII 0 Keyboard 1 Movement Vi Keybinds 1 Fullscreen 2 Font 24/Smallcaps Map View 50x35 Zoom Use 0% Tactical HUD 1 Map Filters NONE Filters NONE Steam 1 RUN: 24a87331-8d49-45ae-8343-c8b27f4a3fa3